 Dungeon Crawl Stone Soup version 0.21.1-1-g345015fe64 (webtiles) character file.

2709 Freyura the Carver (level 9, -8/81 HPs)
             Began as a Naga Fighter on May 5, 2018.
             Was a Follower of Cheibriados.
             Mangled by a skeletal warrior
             ... wielding a +0 dire flail
              (28 damage)
             ... on level 7 of the Dungeon.
             The game lasted 00:47:05 (8315 turns).

Freyura the Carver (Naga Fighter)                   Turns: 8315, Time: 00:47:05

Health: -8/81      AC: 11    Str: 19 (20) XL:     9   Next: 66%
Magic:  10/10      EV: 10    Int: 11 (12) God:    Cheibriados [*.....]
Gold:   347        SH:  0    Dex: 22 (23) Spells: 8/8 levels left

rFire    . . .     SeeInvis +   w - +3 falchion (drain)
rCold    . . .     Gourm    .   e - +1 large shield
rNeg     . . .     Faith    .   b - +0 scale mail
rPois    +         Spirit   .   y - +2 hat
rElec    .         Reflect  .   (no cloak)
rCorr    .         Harm     .   n - +2 pair of gloves {Dex+3}
MR       +....                  (no barding)
Stlth    +.........             (no amulet)
HPRegen  0.23/turn              (no ring)
MPRegen  0.12/turn              (no ring)

@: confused, agile, heavily drained, very slow
A: large, see invisible, deformed body, poison resistance, slowness 2, slow
metabolism 1, spit poison 1, AC +3
a: Spit Poison, Bend Time, Renounce Religion


You were on level 7 of the Dungeon.
You worshipped Cheibriados.
Cheibriados was aware of your devotion.
You were hungry.

You visited 2 branches of the dungeon, and saw 8 of its levels.

You collected 347 gold pieces.

Inventory:

Hand Weapons
 a - a +0 long sword
 w - a +3 falchion of draining (weapon)
Armour
 b - a +0 scale mail (worn)
 e - a +1 large shield (worn)
 n - a +2 pair of gloves of dexterity (worn)
 u - the +1 robe of the Louse {rC+}
   (You found it on level 5 of the Dungeon)

   It protects you from cold.
 y - a +2 hat (worn)
 D - the -5 pair of gloves "Xuzumomi" {*Drain rF- Slay+5 SInv}
   (You found it on level 7 of the Dungeon)

   It affects your accuracy and damage with ranged weapons and melee attacks
   (+5).
   It makes you vulnerable to fire.
   It lets you see invisible.
   It causes draining when unequipped.
Jewellery
 t - an uncursed amulet of the gourmand
 v - an uncursed ring of ice
Wands
 B - a wand of iceblast (3)
 C - a wand of polymorph (15)
Scrolls
 c - 2 scrolls of fog {unknown}
 d - a scroll of amnesia {unknown}
 i - 5 scrolls of teleportation
 l - a scroll of identify
 m - 4 scrolls of remove curse
 o - a scroll of enchant armour
 q - a scroll of immolation {unknown}
 r - 4 scrolls of magic mapping
 x - a scroll of blinking {unknown}
 A - a scroll of summoning {unknown}
Potions
 g - 6 potions of curing
 h - 2 potions of flight
 k - a potion of brilliance
 p - 3 potions of cancellation
Comestibles
 f - 5 rations


   Skills:
 + Level 5.2(3.6) Fighting
 * Level 8.7(7.0) Long Blades
 - Level 4.1(2.6) Armour
 + Level 3.2(1.7) Dodging
 - Level 0.9(0.0) Stealth
 + Level 5.6(4.0) Shields
 * Level 2.2(0.8) Invocations


You had 8 spell levels left.
You didn't know any spells.

Dungeon Overview and Level Annotations

Branches:
Dungeon (7/15)             Temple (1/1) D:6

Altars:
Ashenzari
Cheibriados
Dithmenos
Elyvilon
Fedhas
Gozag
Hepliaklqana
Kikubaaqudgha
Makhleb
Nemelex Xobeh
Okawaru
Qazlal
Ru
Trog
Vehumet
Wu Jian
Xom
Yredelemnul

Annotations:
D:5 2 transporters


Innate Abilities, Weirdness & Mutations

You cannot wear boots.
Your serpentine skin is tough. (AC +3)
You have supernaturally acute eyesight. (SInv)
Armour fits poorly on your strangely shaped body.
Your system is resistant to poisons. (rPois)
You cover ground very slowly.
You have a slow metabolism.
You can spit poison.


Message History

The skeletal warrior hits you with a dire flail.
You hit the skeletal warrior but do no damage.
The skeletal warrior is moderately damaged.
The skeletal warrior hits you with a dire flail!!
* * * LOW HITPOINT WARNING * * *
You hit the skeletal warrior.
The skeletal warrior is moderately damaged.
The skeletal warrior closely misses you.
It was a potion of degeneration.
There was something very wrong with that liquid.
You feel weakened.
You feel dopey.
You feel clumsy.
The skeletal warrior completely misses you.
The flow of time bends around you.
The skeletal warrior resists with some effort.
You feel slightly more hungry.
You block the skeletal warrior's attack.
You are confused.
You feel invigorated.
The skeletal warrior hits you with a dire flail!!
You die...

###.####################
...zzzz@....#.......#...
##.z#######.#.#####.#.#.
#.#.#####.#.#.
#.#.##........
#.#.##.##.#.##
#.#.##.##.#...
#.#.##.##.####
#.#######.#.......# #+##
#....[....####.####


You could see 5 skeletal warriors.

Vanquished Creatures
  A hippogriff (D:7)
  3 ice beasts
  3 phantoms
  5 ogres
  2 centaurs (D:6)
  2 bullfrogs (D:6)
  2 scorpions
  The ghost of Thargor the Skirmisher, a weakling DsBe of Trog (D:3)
  5 howler monkeys
  4 crimson imps (D:3)
  2 centaur zombies (D:5)
  A jelly (D:6)
  2 hounds
  An orc priest (D:5)
  3 orc wizards
  A bullfrog skeleton (D:6)
  2 iguanas
  7 worker ants
  Natasha (D:2)
  A killer bee zombie (D:5)
  A hound skeleton (D:5)
  A hound zombie (D:6)
  11 adders
  2 shadow imps
  An adder zombie (D:6)
  An adder skeleton (D:7)
  5 worms
  2 dart slugs
  2 leopard geckos
  17 orcs
  3 giant cockroaches (D:2)
  9 goblins
  13 hobgoblins
  3 jackals (D:5)
  6 kobolds
  6 quokkas
  10 bats
  3 frilled lizards
  A jackal skeleton (D:5)
  A leopard gecko zombie (D:5)
  A quokka skeleton (D:7)
  A rat (D:3)
149 creatures vanquished.

Notes
Turn   | Place    | Note
-------+----------+-------------------------------------------
     0 | D:1      | Freyura the Naga Fighter began the quest for the Orb.
     0 | D:1      | Reached XP level 1. HP: 21/21 MP: 1/1
   333 | D:1      | Reached XP level 2. HP: 28/28 MP: 2/2
   998 | D:2      | Reached skill level 3 in Long Blades
   998 | D:2      | Reached XP level 3. HP: 26/34 MP: 3/3
  1285 | D:2      | Reached XP level 4. HP: 32/42 MP: 4/4
  1470 | D:2      | Found an opulent altar of Gozag.
  1897 | D:2      | Noticed Natasha
  1907 | D:2      | Killed Natasha
  2382 | D:3      | Noticed Thargor's ghost (weakling DsBe)
  2393 | D:3      | Killed Thargor's ghost
  2393 | D:3      | Reached skill level 4 in Long Blades
  2393 | D:3      | Reached XP level 5. HP: 17/49 MP: 5/5
  2679 | D:3      | Found a shimmering altar of Xom.
  2743 | D:3      | Reached XP level 6. HP: 22/56 MP: 6/6
  2777 | D:3      | Reached skill level 5 in Long Blades
  4349 | D:4      | Found a hazy altar of Hepliaklqana.
  4675 | D:5      | Entered Level 5 of the Dungeon
  4710 | D:5      | Found a white marble altar of Elyvilon.
  4778 | D:5      | Reached XP level 7. HP: 52/62 MP: 7/7
  4921 | D:5      | Reached skill level 6 in Long Blades
  5217 | D:5      | Got a brightly glowing robe
  5218 | D:5      | Identified the +1 robe of the Louse {rC+} (You found it on level 5 of the Dungeon)
  5488 | D:5      | Found a transporter.
  5588 | D:5      | Reached skill level 1 in Dodging
  5886 | D:5      | Found a transporter.
  5923 | D:5      | Reached XP level 8. HP: 53/69 MP: 8/8
  6441 | D:6      | Reached skill level 7 in Long Blades
  6679 | D:6      | Reached skill level 5 in Shields
  6830 | D:6      | Found a basalt altar of Yredelemnul.
  6907 | D:6      | Reached XP level 9. HP: 79/79 MP: 9/9
  7089 | D:6      | Found a staircase to the Ecumenical Temple.
  7097 | Temple   | Entered the Ecumenical Temple
  7206 | Temple   | Became a worshipper of Cheibriados the Contemplative
  7333 | D:6      | Reached skill level 8 in Long Blades
  7774 | D:7      | Reached skill level 1 in Invocations
  7777 | D:7      | Reached skill level 5 in Fighting
  7794 | D:7      | Got a pair of steaming gloves
  7805 | D:7      | Identified the cursed -5 pair of gloves "Xuzumomi" {*Drain rF- Slay+5 SInv} (You found it on level 7 of the Dungeon)
  7945 | D:7      | Reached * piety under Cheibriados
  8187 | D:7      | Found a stormy altar of Qazlal.
  8276 | D:7      | Noticed a skeletal warrior
  8277 | D:7      | Noticed a skeletal warrior
  8281 | D:7      | Noticed a skeletal warrior
  8281 | D:7      | Noticed a skeletal warrior
  8283 | D:7      | Noticed a skeletal warrior
  8315 | D:7      | Mangled by a skeletal warrior

Skill      XL: |  1  2  3  4  5  6  7  8  9 |
---------------+----------------------------+-----
Long Blades    | 3 4 5 6 7 8 |  8.7
Shields        | 3 4 5 |  5.6
Dodging        | 1 2 3 |  3.2
Armour         | 3 4 |  4.1
Fighting       | 4 5 |  5.2
Invocations    | 2 |  2.2
Stealth        | |  0.9

Action                   |  1- 3 |  4- 6 |  7- 9 || total
-------------------------+-------+-------+-------++-------
Melee: Long sword        |   144 |   344 |   108 ||   596
       Falchion          |       |       |   313 ||   313
Invok: Bend Time         |       |       |     1 ||     1
 Abil: Spit Poison       |       |       |    10 ||    10
Evoke: Wand              |       |       |     6 ||     6
  Use: Scroll            |     3 |     8 |     9 ||    20
       Potion            |       |     4 |     4 ||     8
 Stab: Sleeping          |       |       |     1 ||     1
  Eat: Ration            |     2 |     2 |     2 ||     6
Armor: Scale mail        |    56 |   103 |    15 ||   174
       Robe              |       |       |    60 ||    60
Dodge: Dodged            |    12 |    27 |    58 ||    97
Block: Large shield      |   111 |   277 |   241 ||   629
       Rpst.: Long sword |     2 |     8 |     2 ||    12
       Falchion          |       |       |    11 ||    11
